 Dungeon Crawl Stone Soup version 0.18-a0-1577-gf591c28 (webtiles) character file.

45 namelastname112 the Slasher (level 3, -2/30 HPs)
             Began as a Draconian Gladiator on Mar 19, 2016.
             Shot with a stone by a goblin (6 damage)
             ... on level 2 of the Dungeon.
             The game lasted 00:02:08 (1819 turns).

namelastname112 the Slasher (Draconian Gladiator)   Turns: 1819, Time: 00:02:09

Health: -2/30      AC:  6    Str: 17    XL:     3   Next: 42%
Magic:  3/3        EV: 13    Int:  8    God:
Gold:   110        SH:  0    Dex: 12    Spells: 0 memorised, 2 levels left

rFire  . . .     SeeInvis .     l - -2 dagger (curse)
rCold  . . .     Gourm    .     (armour unavailable)
rNeg   . . .     Faith    .     (no shield)
rPois  .         Spirit   .     b - +0 hat
rElec  .         Dismiss  .     (no cloak)
rCorr  .         Reflect  .     f - +0 pair of gloves
SustAt .         Harm     .     (no boots)
MR     .....                    (no amulet)
Stlth  +.........               (no ring)
                                (no ring)

@: not resistant to hostile enchantments, very unstealthy
A: unfitting armour, regeneration 1, cold-blooded, AC +5
a: no special abilities


You were on level 2 of the Dungeon.
You were not hungry.

You visited 1 branch of the dungeon, and saw 2 of its levels.

You collected 110 gold pieces.

Inventory:

Hand Weapons
 a - a +0 long sword
 e - a +1 dagger of venom
 l - a cursed -2 dagger (weapon)
Missiles
 c - 3 throwing nets (quivered)
Armour
 b - a +0 hat (worn)
 f - a +0 pair of gloves (worn)
Scrolls
 h - a scroll of fear
Potions
 j - a potion of agility {unknown}
Comestibles
 d - a bread ration
 g - 2 chunks of flesh
 k - 3 meat rations


   Skills:
 + Level 2.7 Fighting
 * Level 3.4 Long Blades
 + Level 2.3 Throwing
 + Level 3.1 Dodging


You had 2 spell levels left.
You didn't know any spells.

Dungeon Overview and Level Annotations

Branches:
Dungeon (2/15)

Altars:


Innate Abilities, Weirdness & Mutations

Your plain brown scales are hard (AC +5).
Your body does not fit into most forms of armour.
You are cold-blooded and may be slowed by cold attacks.
Your natural rate of healing is unusually fast.


Message History

The jackal misses you. The jackal closely misses you.
You hit the jackal but do no damage. You tail-slap the jackal.
The jackal is almost dead.
The jackal bites you but does no damage.
The goblin shoots a stone.
The stone hits you.
* * * LOW HITPOINT WARNING * * *
You hit the jackal but do no damage.
The jackal is almost dead.
The jackal bites you but does no damage.
The jackal completely misses you.
The goblin shoots a stone.
The stone barely misses you. The jackal completely misses you.
You see here a stone.
The goblin shoots a stone.
The stone closely misses you. The jackal barely misses you.
Found 3 fruits.
You see here a stone.
You hit the jackal.
You kill the jackal!
The goblin shoots a stone.
The stone hits you.
You die...

g..# #. ######...##.###
#.#.....>.... #.. #
#.....S..##..#.# ##.#
#...h.)........ %...#
#.#.#s#####.##.##...
#.#####.##.#..
#.<....[##..#
##.#######.##@# #..)#
#.##(# #...# #...(##
#...# ####(g###.#
####...##### ###÷....#
.........<.###>.†....#
.......................(
...........###..#.##.##.
####...##### #..#.# .#


You could see a goblin.

Vanquished Creatures
  An adder (D:2)
  2 worms (D:2)
  3 giant cockroaches
  6 goblins
  A hobgoblin (D:2)
  3 jackals
  2 ball pythons
  3 giant newts (D:2)
  5 kobolds
  2 rats (D:1)
  A toadstool (D:1)
29 creatures vanquished.

Vanquished Creatures (others)
  3 fungi (D:2)
  3 toadstools (D:1)
6 creatures vanquished.

Grand Total: 35 creatures vanquished

Notes
Turn   | Place    | Note
--------------------------------------------------------------
     0 | D:1      | namelastname112 the Draconian Gladiator began the quest for the Orb.
     0 | D:1      | Reached XP level 1. HP: 17/17 MP: 1/1
   351 | D:1      | Reached XP level 2. HP: 25/25 MP: 2/2
  1194 | D:2      | Gained mutation: Your natural rate of healing is unusually fast. [potion of beneficial mutation]
  1346 | D:2      | Reached XP level 3. HP: 18/30 MP: 3/3
  1819 | D:2      | Shot with a stone by a goblin

Vault maps used:
D:1:      ldierk_water_garden, minmay_misc_feat_four_crosses,
          hangedman_glass_garden, corexii_corridor_pit
D:2:      uniq_crazy_yiuf_cottage

Skill      XL: |  1  2 |
---------------+-------+-----
Throwing       | 2 |  2.3
Dodging        | 3 |  3.1
Fighting       | |  2.7
Long Blades    | |  3.4

Action                   || total
-------------------------++-------
Melee: Long sword        ||    18
       Dagger            ||   174
Throw: Throwing net      ||     1
  Use: Scroll            ||     5
       Potion            ||     1
  Eat: Chunk             ||     3
